Unix NetHack Version 5.0.0-0 post-release - last build May  4 2026 22:22:43 (774f63e81ad911689b3a0859ea89b322d5daca8d,branch:main).

Game began 2026-05-09 00:06:25, ended 2026-05-09 00:14:39.

Drastanta, neutral male gnomish Wizard

  -----                                   -----
  |...|                                   |...|
  |..=                                    |...|           --------
    ..|                                   |...|           |......|
     B                                    |..<.###########..%....|
     @#                                   ---+-           |......|
      #                                                   |....>.|
      #                          -----               #####.......|
      #                          |..^-###--------+-- #    --------
  ----.-----       -+----        |...|  #|..........##
  |........|      #.....|       #|...|  #..........|
  |......>.|      #|.....   #####-...|   |.........|
  |........+#######|....|    ####|...|   -----------
  |........| ######|....| ####   |...|
  |.........##     |....-##      -----
  ----------       ------

Drastanta the Conjurer    St:10 Dx:14 Co:18 In:16 Wi:10 Ch:12  Neutral
Dlvl:4  $:32 HP:0(32) Pw:22(27) AC:9  Xp:3 T:1185 

Latest messages:
 You see here a spellbook of healing.
 x - a spellbook of healing.
 What do you want to read? [i-mx or ?*] ?
 This spellbook is difficult to comprehend.  Continue? [yn] (n) n
 You swap places with your kitten.
 You are momentarily blinded by a flash of light!
 You hear a deafening roar!
 It bites!
 You can see again.
 You can hear again.
 The door opens.
 You fall into a pit!
 You are still in a pit.
 You are still in a pit.
 You are still in a pit.
 You are still in a pit.
 You are still in a pit.
 You crawl to the edge of the pit.
 You see here 2 food rations.
 y - 2 food rations.
 The door opens.
 You hear some noises in the distance.
 You hit the red mold.
 Your quarterstaff smoulders!
 You are suddenly very hot!
 You kill the red mold!
 Your quarterstaff smoulders further!
 You see here a curved wand.
 z - a curved wand.
 You see here an unlabeled scroll.
 A - an unlabeled scroll.
 You descend the stairs.
 You climb up the stairs.
 You miss the giant bat.
 The giant bat bites!
 The giant bat bites!
 You hit the giant bat.
 The giant bat bites!
 The giant bat bites!
 You hit the giant bat.
 The giant bat bites!
 You miss the giant bat.
 The giant bat bites!
 The giant bat bites!
 In what direction? 8
 The spell misses the giant bat.
 The giant bat bites!
 The giant bat bites!
 You die...
 Do you want your possessions identified? [ynq] (y) q

Inventory:
 Coins    ('$')
  $ - 32 gold pieces
 Amulets  ('"')
  w - an uncursed amulet of ESP
 Weapons  (')')
  a - a blessed very burnt +1 quarterstaff (weapon in hands)
 Armor    ('[')
  b - an uncursed +0 cloak of magic resistance (being worn)
  s - a cursed +0 cloak of protection
 Comestibles  ('%')
  y - 2 uncursed food rations
  u - an uncursed tin of soup made from jackal meat
  o - 2 uncursed lichen corpses
 Scrolls  ('?')
  A - a blessed scroll of blank paper
  j - an uncursed scroll of confuse monster
  k - a blessed scroll of identify
  i - an uncursed scroll of identify
 Spellbooks  ('+')
  l - a blessed spellbook of force bolt
  x - an uncursed spellbook of healing
  m - an uncursed spellbook of identify
 Potions  ('!')
  f - an uncursed potion of gain level
  p - 2 uncursed potions of healing
  q - 2 cursed potions of healing
  t - an uncursed potion of paralysis
  g - a potion of holy water
 Rings    ('=')
  d - an uncursed ring of searching
  e - an uncursed ring of teleportation
 Wands    ('/')
  c - a wand of secret door detection (0:11)
  z - a blessed wand of sleep (0:4)
 Tools    ('(')
  r - an empty uncursed sack
  n - a magic marker (0:19)

Drastanta the Wizard's attributes:

Background:
 You were a Conjurer, a level 3 male gnomish Wizard.
 You were neutral, nominally on a mission for Thoth
 who was opposed by Ptah (lawful) and Anhur (chaotic).
 You were right-handed.
 You were in the Dungeons of Doom, on level 4.
 You entered the dungeon 1185 turns ago.
 It was the midnight hour.
 You had 44 experience points, 36 more were needed to attain level 4.

Basics:
 You had 0 out of 32 hit points.
 You had 22 out of 27 energy points (spell power).
 Your armor class was 9.
 Your wallet contained 32 zorkmids.
 Autopickup was off.

Final Characteristics:
 Your strength was 10 (limit:18/50).
 Your dexterity was 14 (limit:18).
 Your constitution was 18 (limit:18).
 Your intelligence was 16 (limit:19).
 Your wisdom was 10 (limit:18).
 Your charisma was 12 (limit:18).

Final Status:
 You weren't hungry.
 You were unencumbered.
 You were wielding a quarterstaff.
 You had basic skill with quarterstaff.

Final Attributes:
 You were fervently aligned.
 You were magic-protected.
 You had infravision.
 You were warded.
 You are dead.

Miscellaneous:
 You didn't encounter any bones levels.
 Total elapsed playing time was 8 minutes and 13 seconds.

Major events:
 Turn
    1: Drastanta the neutral male gnomish Wizard entered the dungeon
  716: attained the rank of Conjurer (level 3)
 1169: entered the Gnomish Mines
 1185: killed by a giant bat

Spells:
 Name                 Level Category     Fail Retention
 force bolt             1   attack         0%  91%-100%
 identify               3   divination    96%  76%-100%

Skills:
 Fighting Skills
   bare handed combat [Unskilled]
   riding             [Unskilled]
 Weapon Skills
   dagger             [Unskilled]
   knife              [Unskilled]
   axe                [Unskilled]
   short sword        [Unskilled]
   club               [Unskilled]
   mace               [Unskilled]
   quarterstaff       [Basic]
   polearms           [Unskilled]
   spear              [Unskilled]
   trident            [Unskilled]
   sling              [Unskilled]
   dart               [Unskilled]
   shuriken           [Unskilled]
 Spellcasting Skills
   attack spells      [Basic]
   healing spells     [Unskilled]
   divination spells  [Unskilled]
   enchantment spells [Basic]
   clerical spells    [Unskilled]
   escape spells      [Unskilled]
   matter spells      [Unskilled]

Voluntary challenges:
 Character rerolling was not enabled.
 You were an atheist.
 You never genocided any monsters.
 You never polymorphed an object.
 You never changed form.
 You used no wishes.
Achievements:
 You attained the rank of Conjurer.
 You entered the Gnomish Mines.

 The Dungeons of Doom: levels 1 to 4
    Level 1:
    Level 2:
       A fountain.
    Level 3:
       Some sinks.
    Level 4: <- You were here.
       Stairs down to The Gnomish Mines.
       Final resting place for
          you, killed by a giant bat.
 The Gnomish Mines:
    Level 5:


Vanquished creatures:
 an iguana
  a hobbit
  a red mold
  a kobold
  a goblin
  a sewer rat
  3 grid bugs
  4 lichens
  a kobold zombie
  3 newts
17 creatures vanquished.

No species were genocided or became extinct.

Game over:
                       ----------
                      /          \
                     /    REST    \
                    /      IN      \
                   /     PEACE      \
                  /                  \
                  |    Drastanta     |
                  |      32 Au       |
                  |   killed by a    |
                  |    giant bat     |
                  |                  |
                  |                  |
                  |       2026       |
                 *|     *  *  *      | *
        _________)/\\_//(\/(/\)/\//\/|_)_______

Goodbye Drastanta the Wizard...

You died in The Dungeons of Doom on dungeon level 4 with 405 points,
and 32 pieces of gold, after 1185 moves.
You were level 3 with a maximum of 32 hit points when you died.

